 Dungeon Crawl Stone Soup version 0.23.2-33-g5129a83184 (webtiles) character file.

Game seed: 3402607921797444334

191108 t4s4d4r the Earth Mage (level 18, -14/112 HPs)
             Began as a Gargoyle Earth Elementalist on July 3, 2019.
             Was an Elder of Makhleb.
             Demolished by a tentacle (16 damage)
             ... attached to a kraken
             ... on level 1 of the Shoals.
             The game lasted 02:09:55 (46070 turns).

t4s4d4r the Earth Mage (GrEE)                      Turns: 46070, Time: 02:09:56

Health: -14/112    AC: 29    Str: 12    XL:     18   Next: 19%
Magic:  3/35       EV: 15    Int: 24    God:    Makhleb [****..]
Gold:   1115       SH:  0    Dex: 10    Spells: 20/44 levels left

rFire    . . .     SeeInvis +   a - +5 lajatang (drain)
rCold    . . .     Gourm    .   (shield currently unavailable)
rNeg     + . .     Faith    .   z - +1 steam dragon scales
rPois    ∞         Spirit   .   I - +1 helmet
rElec    +         Reflect  .   T - +2 cloak
rCorr    .         Harm     .   v - +1 pair of gloves
MR       +....                  j - +2 pair of boots
Stlth    ++++......             S - amulet of regeneration
HPRegen  1.08/turn              J - ring of see invisible
MPRegen  0.24/turn              D - +3 ring of evasion

@: flying
A: big wings, negative energy resistance 1, regeneration 1, electricity
resistance, unbreathing, petrification resistance, rot immunity, AC +13
}: 1/15 runes: gossamer
a: Stop Flying, Minor Destruction, Lesser Servant of Makhleb, Major Destruction,
Renounce Religion


You were on level 1 of the Shoals.
You worshipped Makhleb.
Makhleb was greatly pleased with you.
You were hungry.

You visited 8 branches of the dungeon, and saw 31 of its levels.
You also visited: Ice Cave.

You collected 3022 gold pieces.
You spent 1907 gold pieces at shops.

Inventory:

Hand Weapons
 a - a +5 lajatang of draining (weapon)
Missiles
 K - 601 stones (quivered)
 N - 3 throwing nets
Armour
 j - a +2 pair of boots (worn)
 v - a +1 pair of gloves (worn)
 z - +1 steam dragon scales (worn)
 I - a +1 helmet (worn)
 T - a +2 cloak (worn)
Magical Staves
 F - an uncursed staff of death
 G - an uncursed staff of fire
Jewellery
 e - the amulet of the Yeti {RegenMP rElec rPois rC+ rN+}
   (You acquired it on level 4 of the Spider Nest)

   [amulet of magic regeneration]

   It increases your magic regeneration.
   It protects you from cold.
   It insulates you from electricity.
   It protects you from poison.
   It protects you from negative energy.
 x - an uncursed ring of ice
 D - a +3 ring of evasion (right hand)
 J - a ring of see invisible (left hand)
 O - an uncursed ring of protection from cold
 S - an amulet of regeneration (around neck)
 W - an uncursed ring of positive energy
Wands
 c - a wand of paralysis (16)
 C - a wand of digging (12)
 H - a wand of acid (47)
 Q - a wand of disintegration (12)
 U - a wand of iceblast (16)
Scrolls
 k - a scroll of silence
 m - 9 scrolls of magic mapping
 o - 5 scrolls of identify
 p - 6 scrolls of teleportation
 q - 2 scrolls of amnesia
 t - 3 scrolls of blinking
 B - 7 scrolls of remove curse
 M - a scroll of holy word
 V - 2 scrolls of fear
Potions
 b - 2 potions of mutation
 f - 13 potions of curing
 g - 2 potions of magic
 h - 3 potions of haste
 i - a potion of berserk rage
 l - 2 potions of heal wounds
 r - 4 potions of lignification
 s - a potion of resistance
 w - 9 potions of agility
 E - 3 potions of brilliance
 P - a potion of cancellation
 R - 3 potions of might
 Y - 5 potions of ambrosia
Miscellaneous
 n - a lightning rod (4/4)
 u - a crystal ball of energy
 y - a phial of floods
 A - a lamp of fire
Comestibles
 d - 33 rations
 L - 6 chunks of flesh


   Skills:
 - Level 11.8 Fighting
 - Level 11.1 Staves
 - Level 1.5 Dodging
 - Level 11.0 Stealth
 - Level 13.7 Spellcasting
 + Level 14.1 Conjurations
 + Level 7.4 Summonings
   Level 0.7 Transmutations
 - Level 15.5 Earth Magic
 - Level 13.3 Invocations
 - Level 5.5 Evocations


You had 20 spell levels left.
You knew the following spells:

 Your Spells              Type           Power        Failure   Level  Hunger
b - Stone Arrow           Conj/Erth      ######       1%          3    None
c - Lee's Rapid Deconstr  Erth           ######....   1%          5    ###....
d - Iron Shot             Conj/Erth      ######....   1%          6    #####..
e - Conjure Flame         Conj/Fire      ######..     1%          3    None
f - Spellforged Servitor  Conj/Summ      ######....   34%         7    ######.

Your spell library contained the following spells:

 Spells                   Type           Power        Failure   Level  Hunger
 Sandblast                Erth           ######       0%          1    None
 Passwall                 Tmut/Erth      ######..     1%          2    None
 Mephitic Cloud           Conj/Pois/Air  #####...     1%          3    None
 Petrify                  Tmut/Erth      ######..     1%          4    None
 Bolt of Magma            Conj/Fire/Erth ######....   1%          5    ###....
 Confusing Touch          Hex            ###...       3%          1    None
 Irradiate                Conj/Tmut      ######....   4%          5    ###....
 Poisonous Vapours        Pois/Air       ###...       5%          2    None
 Iskenderun's Battlesphe  Conj/Chrm      ######..     5%          5    ###....
 Venom Bolt               Conj/Pois      ######....   5%          5    ###....
 Summon Lightning Spire   Summ/Air       ####....     8%          4    None
 Ignite Poison            Fire/Tmut/Pois ###.....     10%         3    None
 Orb of Destruction       Conj           ######....   10%         7    ######.
 Confuse                  Hex            ###.....     11%         3    None
 Gell's Gravitas          Tloc           ###.......   11%         3    None
 Conjure Ball Lightning   Conj/Air       ######....   30%         6    #####..
 Freezing Cloud           Conj/Ice/Air   #####.....   63%         6    #####..
 Alistair's Intoxication  Tmut/Pois      ###.....     65%         5    ###....
 Yara's Violent Unravell  Hex/Tmut       ###.......   65%         5    ###....
 Metabolic Englaciation   Hex/Ice        ###.......   69%         5    ###....
 Silence                  Hex/Air        ###.......   69%         5    ###....
 Deflect Missiles         Chrm/Air       ###.......   99%         6    #####..
 Ring of Flames           Chrm/Fire      ###.......   100%        7    ######.
 Tornado                  Air            ###.......   100%        9    #######
 Sublimation of Blood     Necr           Unusable     N/A         2    N/A

Dungeon Overview and Level Annotations

Branches:
Dungeon (15/15)            Temple (1/1) D:4            Lair (6/6) D:10
 Shoals (1/4) Lair:2       Spider (4/4) Lair:2        Slime (0/5) Lair:6
    Orc (2/2) D:11            Elf (0/3) Orc:2        Vaults (0/5) D:13
 Depths (1/5) D:15           Hell (1/1)
    Dis: Hell:1         Geh: Hell:1         Coc: Hell:1         Tar: Hell:1

Altars:
Ashenzari
Cheibriados
Dithmenos
Elyvilon
Fedhas
Gozag
Hepliaklqana
Kikubaaqudgha
Makhleb
Nemelex Xobeh
Okawaru
Qazlal
Ru
Sif Muna
Trog
Uskayaw
Vehumet
Wu Jian
Xom
Yredelemnul
Zin
The Shining One
Beogh
Jiyva

Shops:
D:12 [   D:13 %   D:14 }   D:15 (   Orc:2 (*[*   Depths:1 *

Portals:
Hell: Depths:1
Trove: D:12 (give 11 potions of heal wounds)

Annotations:
D:7 Harold
D:9 Gastronok
D:12 HEYYEYAAE's ghost, journeyman TrBe
Hell Geryon


Innate Abilities, Weirdness & Mutations

You are resistant to torment.
Your stone body is resilient. (AC +13)
You are immune to poison.
Your large and strong wings let you fly indefinitely.
You resist negative energy. (rN+)
You are resistant to electric shocks. (rElec)
You can survive without breathing.
You are immune to petrification.
You are immune to rotting.
Your natural rate of healing is unusually fast.


Message History

The tentacle is severely wounded.
The tentacle slaps you. The tentacle barely misses you.
You barely miss the tentacle.
The tentacle is severely wounded.
The tentacle slaps you! The tentacle slaps you.
* * * LOW HITPOINT WARNING * * *
The tentacle closely misses you. The tentacle barely misses you.
The kraken squirts a massive cloud of ink into the water!
The tentacle slaps you.
* * * LOW HITPOINT WARNING * * *
The tentacle slaps you!
* * * LOW HITPOINT WARNING * * *
The tentacle closely misses you.
Unknown command.
Unknown command.
The kraken squirts a massive cloud of ink into the water!
The tentacle slaps you!
* * * LOW HITPOINT WARNING * * *
The tentacle misses you. The tentacle slaps you!
You die...

≈≈≈...#'#(≈≈≈≈≈≈≈≈≈≈≈.....≈......
≈≈...≈#.#.)≈≈≈≈≈≈≈≈≈.........≈≈≈≈
≈≈...##>#.(≈≈≈≈≈≈≈≈≈.......≈≈≈≈≈≈
≈≈.≈##(.#.≈≈≈≈≈≈≈≈≈.....^≈≈≈≈≈≈≈≈
≈≈≈!##..#(≈≈≈≈≈≈≈...≈...≈≈≈≈≈≈≈≈≈
≈≈≈≈.####.≈≈≈≈≈≈(.........≈≈≈≈≈≈≈
.≈≈≈≈≈≈..≈≈≈≈≈(.<(.........≈≈≈≈≈≈
≈≈≈≈≈≈≈≈≈≈≈≈≈..w()..........≈≈≈≈≈
≈≈≈≈.≈≈≈≈≈≈.(./w@(..........≈≈≈≈≈
≈≈≈≈≈........//ww.########..≈≈≈≈≈
≈≈≈≈≈≈......││..##.## ##.≈≈≈≈≈≈
≈≈≈≈≈≈≈≈...////...##.(###..≈≈≈≈≈≈
≈≈≈≈≈≈≈§§§*///....##......≈≈≈≈≈≈≈
≈≈≈≈≈≈≈§§§§//.....###.≈≈≈≈≈≈≈≈≈≈≈
≈≈≈≈≈≈≈§§§X§§§....# #.≈≈≈≈≈≈≈≈≈≈≈
≈≈≈≈≈≈≈≈≈§§§§§..#####.≈≈≈≈≈≈≈≈≈≈≈


You could see a kraken and 4 tentacles.

Vanquished Creatures
  Nikola (Spider:1)
  An orc warlord (Orc:2)
  6 emperor scorpions
  2 ghost moths
  A stone giant (Depths:1)
  Nessos (D:15)
  2 spark wasps
  Snorg (Lair:6)
  Josephine (Lair:5)
  An ettin (D:15)
  A fire dragon (D:14)
  A merfolk impaler (Shoals:1)
  7 vault guards (D:13)
  2 ice dragons (IceCv)
  A rakshasa (D:15)
  2 merfolk avatars (Shoals:1)
  5 catoblepae
  2 centaur warriors
  4 hydras
  7 two-headed ogres
  A death knight (D:14)
  An ogre mage (D:15)
  6 death yaks (Lair:6)
  3 tengu warriors (D:14)
  2 orc high priests (Orc:2)
  Sonja (D:10)
  A flayed ghost (D:15)
  9 skeletal warriors
  2 unseen horrors
  A necromancer (D:15)
  A deep elf mage (D:13)
  10 harpies
  16 orb spiders
  An orc knight (Orc:2)
  Pikel (D:9)
  2 fire giant zombies (D:15)
  26 wolf spiders
  A faun (Shoals:1)
  12 ugly things
  4 orc sorcerers (Orc:2)
  A cyclops (D:15)
  8 manticores
  2 elephants
  3 moths of wrath
  A water nymph (Shoals:1)
  A black mamba (shapeshifter) (D:15)
  3 ice statues
  2 torpor snails
  3 black mambas
  2 gargoyles
  7 spiny frogs
  3 komodo dragons
  8 demonic crawlers
  4 kobold demonologists (D:12)
  5 rime drakes
  A freezing wraith (Lair:2)
  A tengu conjurer (D:14)
  23 jumping spiders
  A meliai (D:14)
  A wind drake (Shoals:1)
  5 merfolk (Shoals:1)
  A polar bear (Lair:2)
  9 trolls
  Prince Ribbit (D:8)
  4 hornets
  7 slime creatures
  9 blink frogs
  8 hippogriffs
  A deep troll zombie (D:15)
  An ice dragon zombie (D:15)
  2 water elementals
  4 shadows
  60 redbacks
  33 tarantellas
  2 basilisks (Lair:5)
  45 yaks
  3 wraiths
  3 wyverns
  4 hungry ghosts
  2 steam dragons
  Grum (D:9)
  10 vampire mosquitoes
  3 wargs (Orc:2)
  2 acid dragons (D:14)
  3 soldier ants
  9 water moccasins
  12 porcupines
  35 orc warriors
  3 black bears
  17 ice beasts
  2 sky beasts
  An eye of draining (D:10)
  4 boggarts (D:15)
  3 phantoms
  13 ogres
  17 wolves
  13 centaurs
  10 crocodiles
  12 big kobolds
  10 bullfrogs
  2 wyvern zombies
  2 wyvern skeletons (D:13)
  36 scorpions
  15 wights
  9 killer bees
  3 howler monkeys
  8 electric eels
  7 crimson imps
  4 quasits
  6 bullfrog zombies
  4 centaur zombies
  6 jellies
  11 hounds
  14 orc priests
  5 centaur skeletons
  5 bullfrog skeletons
  4 iguanas
  19 orc wizards
  8 worker ants
  2 hound zombies (D:5)
  A hound skeleton (D:10)
  A howler monkey zombie (D:9)
  6 worker ant zombies (D:5)
  10 gnolls
  13 adders
  4 shadow imps
  2 white imps (Lair:2)
  4 oozes
  3 adder skeletons
  An adder zombie (D:5)
  3 dart slugs
  7 leopard geckos
  89 orcs
  3 ball pythons
  7 bats
  4 giant cockroaches
  6 goblins
  8 hobgoblins
  13 jackals
  23 kobolds
  A ball python zombie (D:5)
  2 frilled lizards (D:1)
  A giant cockroach zombie (D:5)
  A jackal skeleton (D:5)
  2 leopard gecko skeletons
  A leopard gecko zombie (D:9)
  5 quokka zombies (D:5)
  6 rats
  2 tentacles (Shoals:1)
1013 creatures vanquished.

Vanquished Creatures (collateral kills)
  Rupert (Lair:6)
  A ghost moth (Spider:4)
  3 emperor scorpions
  The ghost of Joacwaah the Blocker, a journeyman MiFi of Lugonu (Lair:5)
  2 death yaks (Lair:6)
  An orc knight (Orc:1)
  2 wolf spiders (Spider:1)
  A manticore (Lair:6)
  8 elephants
  A spiny frog (Lair:6)
  2 rime drakes
  A demonic crawler (Spider:1)
  2 jumping spiders (Spider:1)
  2 hippogriffs (Lair:6)
  2 redbacks (Spider:1)
  2 tarantellas
  2 wraiths (Lair:6)
  6 yaks (Lair:6)
  A basilisk (Lair:6)
  A water moccasin (Lair:6)
  7 orc warriors (Orc:1)
  11 ice beasts (IceCv)
  3 wolves (Lair:6)
  A crocodile (Lair:6)
  4 orc priests (Orc:1)
  4 orc wizards (Orc:1)
  11 orcs (Orc:1)
  A plant (Lair:6)
84 creatures vanquished.

Vanquished Creatures (others)
  A redback (Spider:4)
  A tarantella (Spider:4)
  2 slaves (D:9)
  A crimson imp (D:9)
  20 fungi
  14 plants
  17 tentacles (Shoals:1)
  2 withered plants
58 creatures vanquished.

Grand Total: 1155 creatures vanquished

Notes
Turn   | Place    | Note
-------+----------+-------------------------------------------
     0 | D:1      | t4s4d4r the Gargoyle Earth Elementalist began the quest for
                  | the Orb.
     0 | D:1      | Reached XP level 1. HP: 10/10 MP: 3/3
   383 | D:1      | Reached XP level 2. HP: 14/15 MP: 2/5
   755 | D:1      | Found a snail-covered altar of Cheibriados.
   981 | D:2      | Reached XP level 3. HP: 19/19 MP: 5/7
  1003 | D:2      | Learned a level 3 spell: Stone Arrow
  1006 | D:2      | Found a sacrificial altar of Ru.
  1021 | D:2      | Reached skill level 4 in Earth Magic
  1025 | D:2      | Reached skill level 1 in Conjurations
  1098 | D:2      | Reached XP level 4. HP: 22/24 MP: 6/8
  2072 | D:3      | Reached skill level 5 in Earth Magic
  2072 | D:3      | Reached XP level 5. HP: 28/28 MP: 5/9
  2195 | D:3      | Noticed a big kobold
  2219 | D:3      | Killed a big kobold
  2229 | D:3      | Found a sparkling altar of Nemelex Xobeh.
  2269 | D:3      | Reached skill level 6 in Earth Magic
  2444 | D:3      | Reached XP level 6. HP: 32/32 MP: 10/10
  2486 | D:3      | Learned a level 5 spell: Lee's Rapid Deconstruction
  2545 | D:3      | Found an iron altar of Okawaru.
  2545 | D:3      | Found a shattered altar of Ashenzari.
  3323 | D:4      | Found a staircase to the Ecumenical Temple.
  3368 | Temple   | Entered the Ecumenical Temple
  3845 | D:4      | Reached skill level 7 in Earth Magic
  3995 | D:4      | You fall through a shaft!
  3995 | D:5      | Entered Level 5 of the Dungeon
  4137 | D:4      | Reached XP level 7. HP: 37/37 MP: 10/12
  4236 | D:4      | Found a burning altar of Makhleb.
  4239 | D:4      | Became a worshipper of Makhleb the Destroyer
  4460 | D:5      | Reached skill level 1 in Fighting
  4891 | D:5      | Reached skill level 8 in Earth Magic
  5049 | D:5      | Reached XP level 8. HP: 26/45 MP: 8/14
  5329 | D:5      | Reached * piety under Makhleb
  5765 | D:6      | Reached skill level 9 in Earth Magic
  5991 | D:6      | Reached ** piety under Makhleb
  6077 | D:6      | Found an ornate altar of the Wu Jian Council.
  6365 | D:6      | Reached skill level 5 in Spellcasting
  6365 | D:6      | Reached skill level 10 in Earth Magic
  6638 | D:7      | Reached XP level 9. HP: 52/52 MP: 6/16
  7020 | D:7      | Reached skill level 5 in Fighting
  7093 | D:7      | Found a white marble altar of Elyvilon.
  7093 | D:7      | Found a glowing golden altar of the Shining One.
  7094 | D:7      | Found a glowing silver altar of Zin.
  7207 | D:7      | Got a faintly glowing scimitar
  7340 | D:8      | Reached skill level 11 in Earth Magic
  7382 | D:8      | Noticed Harold
  7752 | D:8      | Noticed Prince Ribbit
  7758 | D:8      | Killed Prince Ribbit
  8674 | D:9      | Reached skill level 12 in Earth Magic
  8726 | D:9      | Noticed a troll
  8731 | D:9      | Killed a troll
  8738 | D:9      | Reached XP level 10. HP: 61/61 MP: 2/17
  8758 | D:9      | Noticed a two-headed ogre
  8837 | D:9      | Reached *** piety under Makhleb
  8882 | D:9      | Killed a two-headed ogre
  8882 | D:9      | Reached skill level 13 in Earth Magic
  8882 | D:9      | Reached skill level 1 in Invocations
  9002 | D:9      | Found a hazy altar of Hepliaklqana.
  9066 | D:9      | Found an ancient bone altar of Kikubaaqudgha.
  9089 | D:9      | Noticed Gastronok
  9157 | D:9      | Noticed Pikel
  9169 | D:9      | Killed Pikel
  9191 | D:9      | Reached skill level 10 in Invocations
  9191 | D:9      | Reached XP level 11. HP: 67/67 MP: 13/19
  9222 | D:9      | Noticed Grum
  9237 | D:9      | Killed Grum
  9460 | D:9      | Noticed a two-headed ogre
  9474 | D:9      | Killed a two-headed ogre
  9527 | D:9      | Found a blossoming altar of Fedhas.
  9595 | D:10     | Entered Level 10 of the Dungeon
  9748 | D:10     | Noticed Sonja
  9754 | D:10     | Killed Sonja
  9754 | D:10     | Reached skill level 14 in Earth Magic
  9895 | D:10     | Reached skill level 5 in Stealth
 10123 | D:10     | Reached **** piety under Makhleb
 10338 | D:10     | Noticed a white ugly thing
 10341 | D:10     | Killed a white ugly thing
 10341 | D:10     | Reached XP level 12. HP: 75/75 MP: 2/20
 10486 | D:10     | Found a staircase to the Lair.
 11076 | D:11     | Identified the cursed +0 scimitar "Egoliqaru" {slice, rElec
                  | SInv} (You found it on level 7 of the Dungeon)
 11354 | D:11     | Learned a level 6 spell: Iron Shot
 11738 | D:11     | Reached ***** piety under Makhleb
 12260 | D:11     | Found a staircase to the Orcish Mines.
 12325 | D:11     | Reached skill level 5 in Conjurations
 12806 | D:12     | Noticed a four-headed hydra
 12819 | D:12     | Killed a four-headed hydra
 13132 | D:12     | Found Mizo's Armour Emporium.
 13138 | D:12     | Found a runed translucent gate.
 13275 | D:12     | Found a runed translucent gate.
 14305 | D:12     | Found a portal to a secret trove of treasure.
 14410 | D:12     | Found a runed translucent gate.
 14410 | D:12     | Identified the +7 short sword of Kaluw {venom, Str+4 Dex+4}
 14411 | D:12     | Noticed HEYYEYAAE's ghost (journeyman TrBe)
 14411 | D:12     | Identified the +4 short sword of Gozag's Envy {chaos, MR+
                  | MP+9}
 14768 | D:13     | Reached XP level 13. HP: 80/80 MP: 10/24
 15092 | D:13     | Reached ****** piety under Makhleb
 15092 | D:13     | Reached skill level 15 in Earth Magic
 15622 | D:13     | Found a basalt altar of Yredelemnul.
 16041 | D:13     | Found Axzuli's Food Emporium.
 16571 | D:13     | Noticed a vault guard
 16571 | D:13     | Noticed a vault guard
 16573 | D:13     | Noticed a vault guard
 16575 | D:13     | Killed a vault guard
 16575 | D:13     | Reached skill level 10 in Conjurations
 16575 | D:13     | Noticed a vault guard
 16576 | D:13     | Found a gate to the Vaults.
 16576 | D:13     | Noticed a vault guard
 16577 | D:13     | Noticed a vault guard
 16578 | D:13     | Killed a vault guard
 16584 | D:13     | Killed a vault guard
 16584 | D:13     | Killed a vault guard
 16834 | D:13     | Noticed a vault guard
 18111 | D:14     | Noticed a fire dragon
 18358 | D:14     | Found Jeicemi's Gadget Emporium.
 18395 | D:14     | Gained mutation: Your large and strong wings let you fly
                  | indefinitely. [Gargoyle growth]
 18395 | D:14     | Reached XP level 14. HP: 86/86 MP: 11/26
 18512 | D:14     | Identified the ring of Jyshroc {*Contam rPois Str+4 Dex+3}
 19616 | D:14     | Learned a level 3 spell: Conjure Flame
 19747 | D:15     | Entered Level 15 of the Dungeon
 19924 | D:15     | Reached skill level 1 in Evocations
 20546 | D:15     | Found a staircase to the Depths.
 20589 | D:14     | Reached skill level 10 in Spellcasting
 21273 | D:15     | Identified the cursed +0 shield of Axyc Meba {*Drain *Slow
                  | +Blink rN+++}
 22365 | D:15     | Found Lipiam's Weapon Emporium.
 22548 | D:15     | Reached skill level 5 in Evocations
 22782 | D:15     | Noticed Nessos
 22793 | D:15     | Killed Nessos
 23161 | Orc:1    | Entered Level 1 of the Orcish Mines
 23196 | Orc:1    | Found a roughly hewn altar of Beogh.
 23480 | Orc:1    | Found a frozen archway.
 23492 | IceCv    | Entered an ice cave
 23530 | IceCv    | Reached XP level 15. HP: 70/91 MP: 12/31
 24212 | IceCv    | Got a faintly glowing iron ring
 24371 | IceCv    | Identified the ring "Guosm" {*Contam rPois rN+ Str+4 Dex+2}
                  | (You found it in an ice cave)
 24650 | Orc:2    | Entered Level 2 of the Orcish Mines
 24865 | Orc:2    | Found a roughly hewn altar of Beogh.
 25284 | Orc:2    | Found a roughly hewn altar of Beogh.
 25708 | Orc:2    | Found a roughly hewn altar of Beogh.
 25773 | Orc:2    | Found a roughly hewn altar of Beogh.
 25951 | Orc:2    | Found a staircase to the Elven Halls.
 25971 | Orc:2    | Found a roughly hewn altar of Beogh.
 26076 | Orc:2    | Found Zoawar's Assorted Antiques.
 26086 | Orc:2    | Bought a scroll labeled MIHULI ABBIENT for 37 gold pieces
 26142 | Orc:2    | Found Senkor's General Store.
 26650 | Orc:2    | Reached skill level 10 in Stealth
 26908 | Orc:2    | Noticed an orc warlord
 26954 | Orc:2    | Killed an orc warlord
 27110 | Orc:2    | Found Fuvvoidime's Antique Armour Shop.
 27111 | Orc:2    | Found a roughly hewn altar of Beogh.
 27113 | Orc:2    | Found Jiuczeps's Antique Weapon Boutique.
 27169 | Orc:2    | Bought a wizard robe for 159 gold pieces
 27181 | Orc:2    | Identified the cursed +0 robe of Distant Worlds {Regen+
                  | Str+7} (You bought it in a shop on level 2 of the Orcish
                  | Mines)
 27188 | Orc:2    | Bought a lajatang for 420 gold pieces
 27237 | Orc:2    | Bought a scroll of brand weapon for 280 gold pieces
 27237 | Orc:2    | Bought 2 scrolls of enchant weapon for 210 gold pieces
 27237 | Orc:2    | Bought a scroll of magic mapping for 49 gold pieces
 27395 | D:12     | Bought the +2 robe "Mocuc" {MP+9} for 475 gold pieces
 27680 | Orc:2    | Bought a scroll of enchant armour for 277 gold pieces
 28006 | Depths:1 | Entered Level 1 of the Depths
 28006 | Depths:1 | Found a gateway to Hell.
 28182 | Depths:1 | Noticed a fire giant
 28299 | Depths:1 | Reached skill level 5 in Staves
 28397 | Hell     | Entered the Vestibule of Hell
 28397 | Hell     | Noticed Geryon
 28408 | Depths:1 | Found Turuih's Demolitions Depot.
 28715 | Lair:1   | Entered Level 1 of the Lair of Beasts
 29990 | Lair:2   | Found a staircase to the Shoals.
 30765 | Lair:2   | Found a hole to the Spider Nest.
 31819 | Lair:4   | Reached skill level 10 in Fighting
 32173 | Lair:4   | Reached XP level 16. HP: 91/97 MP: 32/32
 33029 | Lair:5   | Found a runed translucent door.
 33032 | Lair:5   | Noticed Joacwaah's ghost (journeyman MiFi)
 33071 | Lair:5   | Killed Joacwaah's ghost
 33618 | Lair:6   | Entered Level 6 of the Lair of Beasts
 33632 | Lair:6   | Noticed Josephine
 33644 | Lair:5   | Killed Josephine
 33941 | Lair:6   | Noticed Rupert
 33972 | Lair:6   | Killed Rupert
 34134 | Lair:6   | Noticed Snorg
 34149 | Lair:6   | Killed Snorg
 34149 | Lair:6   | Reached skill level 10 in Staves
 34510 | Lair:6   | Found a viscous altar of Jiyva.
 34510 | Lair:6   | Found a staircase to the Slime Pits.
 35039 | Spider:1 | Entered Level 1 of the Spider Nest
 35513 | Spider:1 | HP: 1/100 [wolf spider (7)]
 37324 | Lair:2   | Noticed an Executioner
 37705 | Lair:2   | Got a warped ring mail
 37706 | Lair:2   | Identified the +5 ring mail of Least Resistance {rN+} (You
                  | found it on level 2 of the Lair of Beasts)
 37943 | Spider:1 | Noticed Nikola
 37966 | Spider:1 | Killed Nikola
 38014 | Spider:1 | Reached XP level 17. HP: 69/106 MP: 12/34
 38282 | Spider:1 | Gained mutation: Your natural rate of healing is unusually
                  | fast. [a cacodemon]
 38481 | Spider:1 | Learned a level 7 spell: Spellforged Servitor
 38821 | Spider:2 | Reached skill level 1 in Summonings
 41288 | Spider:4 | Entered Level 4 of the Spider Nest
 43387 | Spider:4 | Identified a scroll of acquirement
 43415 | Spider:4 | Got a pitted ivory amulet
 43416 | Spider:4 | Identified the amulet of the Yeti {RegenMP rElec rPois rC+
                  | rN+} (You acquired it on level 4 of the Spider Nest)
 43440 | Spider:4 | Reached skill level 5 in Summonings
 44480 | Spider:4 | Got a gossamer rune of Zot
 44681 | Shoals:1 | Entered Level 1 of the Shoals
 44690 | Shoals:1 | Reached XP level 18. HP: 101/112 MP: 17/35
 46070 | Shoals:1 | HP: 2/112 [tentacle[a kraken] (14)]
 46070 | Shoals:1 | Demolished by a tentacle

Skill      XL: |  1  2  3  4  5  6  7  8  9 10 11 12 13 14 15 16 17 18 |
---------------+-------------------------------------------------------+-----
Spellcasting   | 3 4 5 7 8 12 13 | 13.7
Earth Magic    | 4 5 6 7 8 10 12 13 14 15 | 15.5
Conjurations   | 1 2 3 8 11 12 13 14 | 14.1
Fighting       | 2 4 6 7 8 9 10 11 | 11.8
Stealth        | 3 5 6 7 11 | 11.0
Invocations    | 10 11 13 | 13.3
Staves         | 2 8 11 | 11.1
Evocations     | 5 |  5.5
Summonings     | 6 7 |  7.4
Dodging        | |  1.5
Transmutations | |  0.7

Action                   |  1- 3 |  4- 6 |  7- 9 | 10-12 | 13-15 | 16-18 || total
-------------------------+-------+-------+-------+-------+-------+-------++-------
Melee: Unarmed           |    33 |       |       |       |       |       ||    33
       Dagger            |    35 |    61 |       |       |       |       ||    96
       Scimitar          |       |   136 |       |       |       |       ||   136
       Quarterstaff      |       |       |   275 |   278 |   415 |       ||   968
       Lajatang          |       |       |       |       |   283 |   895 ||  1178
Throw: Stone             |       |       |       |       |     3 |     4 ||     7
 Cast: Sandblast         |    20 |    18 |    82 |    85 |   158 |    16 ||   379
       Stone Arrow       |       |       |    13 |    71 |   322 |   341 ||   747
       Lee's Rapid Decon |       |       |     1 |    49 |   123 |    38 ||   211
       Iron Shot         |       |       |       |       |    28 |    51 ||    79
       Conjure Flame     |       |       |       |       |     2 |       ||     2
Invok: Greater Servant o |       |       |       |       |     3 |    16 ||    19
       Major Destruction |       |       |       |       |     3 |     6 ||     9
 Abil: Fly               |       |       |       |       |     1 |       ||     1
Evoke: Wand              |       |       |       |     2 |     2 |       ||     4
       Phial of floods   |       |       |       |       |     1 |       ||     1
  Use: Scroll            |       |    13 |     6 |     9 |    16 |    13 ||    57
       Potion            |       |       |       |     1 |     3 |     3 ||     7
 Stab: Sleeping          |     2 |     5 |     4 |     3 |    21 |    11 ||    46
       Invisible         |     1 |       |       |       |       |       ||     1
       Paralysed         |       |       |       |     4 |       |       ||     4
       Distracted        |       |       |       |       |     1 |     9 ||    10
       Petrified         |       |       |       |       |       |     7 ||     7
       Confused          |       |       |       |       |       |     2 ||     2
  Eat: Chunk             |     1 |    10 |    13 |    25 |    48 |    36 ||   133
       Ration            |       |       |     1 |     3 |    11 |     7 ||    22
Armor: Robe              |    36 |   118 |   160 |   113 |   244 |   409 ||  1080
       Steam dragon scal |       |       |       |   120 |   384 |   789 ||  1293
Dodge: Dodged            |    76 |   184 |   248 |   267 |   662 |  1425 ||  2862
       Rpst.: Scimitar   |       |    30 |       |       |       |       ||    30
